 Dungeon Crawl Stone Soup version 0.32-a0-22-g6ae6769602 (webtiles) character file.

Game seed: 10669660703295074794

282 AuftragZ the Magician (level 6, 0/32 HPs)
             Began as a Deep Elf Air Elementalist on Jan 18, 2024.
             Slain by a quasit (2 damage)
             ... on level 3 of the Dungeon on Feb 2, 2024.
             The game lasted 00:10:36 (2776 turns).

AuftragZ the Magician (Deep Elf Air Elementalist)   Turns: 2776, Time: 00:10:36

Health: 0/32       AC:  2    Str:  5      XL:     6   Next: 6%
Magic:  5/16       EV: 12    Int: 22      God:
Gold:   97         SH:  0    Dex: 13 (15) Spells: 12/15 levels left

rFire   . . .        (no weapon)
rCold   . . .        (no shield)
rNeg    + . .        a - +0 robe
rPois   .            (no helmet)
rElec   .            (no cloak)
rCorr   .            (no gloves)
SInv    .            (no boots)
Will    .....        (no amulet)
Stlth   ++           d - ring of positive energy
HPRegen 0.25/turn    (no ring)
MPRegen 0.15/turn

%: no passive effects
@: no status effects
A: no striking features
a: no special abilities


You were on level 3 of the Dungeon.
You visited 1 branch of the dungeon, and saw 3 of its levels.

You collected 97 gold pieces.

Inventory:

Missiles
 k - 2 throwing nets
Armour
 a - a +0 robe (worn)
Jewellery
 d - a ring of positive energy (left hand)
Scrolls
 c - 3 scrolls of revelation
 e - a scroll of brand weapon {unknown}
 h - a scroll of vulnerability
 i - a scroll of teleportation {unknown}
 j - a scroll of fog {unknown}
Potions
 b - a potion of magic
 g - a potion of enlightenment


   Skills:
 - Level 2.4 Dodging
 + Level 2.6 Stealth
 * Level 5.3 Spellcasting
 * Level 3.2 Conjurations
 * Level 5.0 Air Magic


You had 12 spell levels left.
You knew the following spells:

 Your Spells              Type           Power      Damage    Failure   Level
a - Shock                 Conj/Air       96%        1d9       1%          1
b - Static Discharge      Conj/Air       48%        3-5/arc   2%          2

Your spell library contained the following spells:

 Spells                   Type           Power      Damage    Failure   Level
 Swiftness                Air            28%        N/A       3%          3
 Airstrike                Air            14%        2d(2-18)  12%         4
 Jinxbite                 Hex            10%        N/A       14%         2
 Gell's Gravitas          Tloc           5%         N/A       28%         3
 Teleport Other           Tloc           5%         N/A       28%         3
 Yara's Violent Unravell  Hex/Alch       2%         3d3       95%         5
 Dispersal                Tloc           2%         N/A       100%        6
 Enfeeble                 Hex            2%         N/A       100%        7


Dungeon Overview and Level Annotations

Branches:
Dungeon (3/15)

Altars:

Annotations:
D:3 1 transporter


Message History

* * * LOW HITPOINT WARNING * * *
You feel clumsy. The quasit claws you.
* * * LOW HITPOINT WARNING * * *
The quasit bites you.
* * * LOW HITPOINT WARNING * * *
You feel clumsy.
The quasit claws you but does no damage.
The quasit closely misses you.
You feel your dexterity returning.
Your Conjurations skill increases to level 3!
Your Air Magic skill increases to level 5!
You have reached level 6!
Casting: Shock (safe; 1% risk of failure)
Confirm with . or Enter, or press ? or * to list all spells.
Aiming: Shock (safe; 1% risk of failure)
Press: ? - help, Shift-Dir - straight line, f - quasit
Aim: a quasit (moderately wounded, 51% to hit)
Okay, then.
A quasit is nearby!
The quasit misses you.
The quasit claws you but does no damage.
The quasit claws you.
* * * LOW HITPOINT WARNING * * *
The quasit attacks as it pursues you! The quasit closely misses you.
The quasit barely misses you. The quasit claws you.
* * * LOW HITPOINT WARNING * * *
Casting: Shock (safe; 1% risk of failure)
Confirm with . or Enter, or press ? or * to list all spells.
Aiming: Shock (safe; 1% risk of failure)
Press: ? - help, Shift-Dir - straight line, f/p - quasit
Aim: a quasit (moderately wounded, 51% to hit)
The zap hits the quasit.
The quasit is severely wounded.
The quasit bites you but does no damage.
The quasit claws you.
* * * LOW HITPOINT WARNING * * *
The quasit claws you but does no damage.
The quasit barely misses you. The quasit claws you.
You die...

.#######..####.©.####...## #####
........ ..##### .###..# #....
<####.#. # ...?$..#..##.# #.###
..## ##.##..=###....#.####.###
...# .#....(#.....#.##.........
..## .#..##..©..#...#...###.#..
.## #......#..##..#.#.###.... .#
##...#...#....#......#### .#
#....#.@5...##.#.##.# '##
#####..###©##..#.##.# # ..##
.....####©###.....##.# ## ...##
#####.............÷##.###. ...)#
##.#.####.####....##.##..
.....####....###..####....##.#...
....)........................'...
......###.....########.......#...
....#.# ##.#..# ####.######..


You could see a quasit.

Vanquished Creatures
  The ghost of YordlordTheGreat the Grasshopper, an amateur HuWr (D:3)
  A quasit (D:3)
  An orc priest (D:3)
  7 gnolls
  2 adders
  A dart slug (D:1)
  2 orcs (D:3)
  14 ball pythons
  3 endoplasms
  2 giant cockroaches
  3 goblins (D:2)
  4 hobgoblins
  3 kobolds
  3 quokkas
  5 bats
  3 frilled lizards
  4 rats (D:1)
59 creatures vanquished.

Notes
Turn   | Place    | Note
-------+----------+-------------------------------------------
     0 | D:1      | AuftragZ the Deep Elf Air Elementalist began the quest for
                  | the Orb.
     0 | D:1      | Reached XP level 1. HP: 10/10 MP: 6/6
   354 | D:1      | Reached XP level 2. HP: 15/15 MP: 4/8
   556 | D:1      | Learned a level 2 spell: Static Discharge
   828 | D:1      | Reached XP level 3. HP: 19/19 MP: 5/10
  2052 | D:3      | Found a faded altar of an unknown god.
  2200 | D:3      | Reached XP level 4. HP: 21/24 MP: 6/12
  2455 | D:3      | Found a transporter.
  2555 | D:3      | Reached XP level 5. HP: 21/28 MP: 8/14
  2622 | D:3      | Reached skill level 5 in Spellcasting
  2747 | D:3      | Found a transporter.
  2755 | D:3      | Noticed YordlordTheGreat's ghost (amateur HuWr)
  2773 | D:3      | Killed YordlordTheGreat's ghost
  2774 | D:3      | Reached skill level 5 in Air Magic
  2774 | D:3      | Reached XP level 6. HP: 6/32 MP: 6/16
  2776 | D:3      | Slain by a quasit

Illustrated notes

Levels and vault maps discovered:
D:1:      minmay_arrival_radiant_lines, layout_basic,
          chequers_serial_rivers_small_a, chequers_serial_rivers_micro_a,
          st_stairs_4
D:2:      layout_loops_cross, kennysheep_generic_room_7
D:3:      layout_loops_corners, nicolae_overflow_hidden_temple,
          chequers_temple_overflow_statue_of_worship,
          gammafunk_ghost_stat_death, hellmonk_ecumenical_altar_leap_of_faith,
          serial_shops, shop, mainiacjoe_sewer_entry_somewhere_in_here_2,
          minmay_shallow_snake_nest

Skill      XL: |  1  2  3  4  5 |
---------------+----------------+-----
Spellcasting   | 4 5 |  5.3
Air Magic      | 4 5 |  5.0
Conjurations   | 2 3 |  3.2
Dodging        | |  2.4
Stealth        | |  2.6

Action                     |  1- 3 |  4- 6 || total
---------------------------+-------+-------++-------
  Melee: Unarmed           |     6 |       ||     6
   Cast: Shock             |    74 |    32 ||   106
         Static Discharge  |     4 |     7 ||    11
    Use: Scroll            |     5 |       ||     5
         Potion            |       |     1 ||     1
 Armour: Robe              |    13 |    45 ||    58
  Dodge: Dodged            |    14 |    55 ||    69

Table legend: (Time is in decaauts)
 A = Elapsed time spent in this place.
 B = Non-inter-level travel time spent in this place.
 C = Inter-level travel time spent in this place.
 D = Time resting spent in this place.
 E = Time spent auto-exploring this place.
 F = Levels seen in this place.
 G = Mean time per level.
                   A        B        C        D        E       F      G
               +--------+--------+--------+--------+--------+-----+--------+
         Total |   2776 |   2776 |      0 |      0 |   2462 |   3 |  925.3 |
       Dungeon |   2776 |   2776 |      0 |      0 |   2462 |   3 |  925.3 |
               +--------+--------+--------+--------+--------+-----+--------+

Top non-repeatable levels by time:
     D:1: 1140 daAuts
     D:3: 873 daAuts
     D:2: 761 daAuts
